 Dungeon Crawl Stone Soup version 0.21-a0-283-g622b906 (webtiles) character file.

314187 4thArraOfDagon the Executioner (level 20, -35/165 HPs)
             Began as a Demonspawn Berserker on Sept 24, 2017.
             Was a High Priest of Trog.
             Annihilated by Mennas
             ... wielding a +5 trishula of holy wrath
              (39 damage)
             ... on level 4 of the Vaults on Sept 25, 2017.
             The game lasted 02:39:50 (23023 turns).

4thArraOfDagon the Executioner (DsBe)              Turns: 23023, Time: 02:39:51

Health: -35/165    AC: 28    Str: 16    XL:     20   Next: 48%
Magic:  11/11      EV: 18    Int: 26    God:    Trog [*****.]
Gold:   1203       SH:  0    Dex: 21    Spells: 19/19 levels left

rFire    + . .     SeeInvis +   k - +9 executioner's axe (venom)
rCold    + + .     Gourm    .   (shield currently unavailable)
rNeg     + + +     Faith    .   d - +10 scale mail "Zonud" {rN+}
rPois    +         Spirit   .   C - +0 hat {Int+3}
rElec    +         Reflect  .   D - +0 cloak of Ohocsun {rC+ Str-3 SInv}
rCorr    .         Harm     .   t - +1 pair of gloves "Awouca" {rElec Str+2 Int+4}
MR       ++++.                  (boots unavailable)
Stlth    ..........             B - amulet of regeneration
HPRegen  3.77/turn              N - ring "Wysirydgh" {rN+ MR+}
MPRegen  0.12/turn              J - ring "Ulagry" {rN+ MP-9 Dex+7 Slay+1}

@: regenerating, glowing
A: beak, claws 1, talons 3, slimy green scales 2, clever 2, cold resistance 1,
demonic guardian 2, fire resistance 1, poison resistance, powered by death 2,
robust 1, electricity resistance, weak 1
}: 2/15 runes: barnacled, gossamer
a: Berserk, Trog's Hand, Brothers in Arms, Burn Spellbooks, Renounce Religion


You were on level 4 of the Vaults.
You worshipped Trog.
Trog was extremely pleased with you.
You were near starving.

You visited 7 branches of the dungeon, and saw 38 of its levels.
You also visited: Labyrinth, Sewer, Ice Cave and Wizlab.

You collected 3560 gold pieces.
You spent 2357 gold pieces at shops.

Inventory:

Hand Weapons
 k - a +9 executioner's axe of venom (weapon)
 G - a +8 battleaxe of flaming
Missiles
 U - 3 throwing nets (quivered)
Armour
 d - the +10 scale mail "Zonud" (worn) {rN+}
   (You found it on level 4 of the Shoals)

   It protects you from negative energy.
 e - the +2 helmet of Charity {MR+ Str+4, unknown}
   (You found it on level 3 of the Shoals)

   It affects your strength (+4).
   It affects your resistance to hostile enchantments.
 t - the +1 pair of gloves "Awouca" (worn) {rElec Str+2 Int+4}
   (You took it off Nikola on level 4 of the Shoals)

   It affects your strength (+2).
   It affects your intelligence (+4).
   It insulates you from electricity.
 x - the +3 warlock's mirror {reflect}
   (You found it in a labyrinth)
 C - a +0 hat of intelligence (worn)
 D - the +0 cloak of Ohocsun (worn) {rC+ Str-3 SInv}
   (You found it on level 5 of the Dungeon)

   It affects your strength (-3).
   It protects you from cold.
   It lets you see invisible.
Jewellery
 j - the ring of Bufur {Fire +Fly rPois rN+}
   (You found it on level 4 of the Vaults)

   [ring of fire]

   It enhances your fire magic.
   It protects you from fire.
   It makes you vulnerable to cold.
   It protects you from poison.
   It protects you from negative energy.
   It lets you fly.
 y - the macabre finger necklace {rN+}
   (You bought it in a shop on level 2 of the Elven Halls)

   [amulet of nothing]

   It protects you from negative energy.
 B - an amulet of regeneration (around neck)
 E - the ring "Buelein" {Wiz Int+2}
   (You found it on level 3 of the Elven Halls)

   [ring of wizardry]

   It improves your spell success rate.
   It affects your intelligence (+2).
 I - the ring "Zeruralap" {+Inv rElec rN+ MP+9 Stlth-}
   (You found it on level 6 of the Dungeon)

   [ring of loudness]

   It insulates you from electricity.
   It protects you from negative energy.
   It affects your magic capacity (+9).
   It lets you turn invisible.
   It makes you less stealthy.
 J - the ring "Ulagry" (right hand) {rN+ MP-9 Dex+7 Slay+1}
   (You found it on level 6 of the Lair of Beasts)

   [ring of slaying]

   It affects your dexterity (+7).
   It affects your accuracy and damage with ranged weapons and melee attacks
   (+1).
   It protects you from negative energy.
   It affects your magic capacity (-9).
 N - the ring "Wysirydgh" (left hand) {rN+ MR+}
   (You found it on level 6 of the Lair of Beasts)

   [ring of positive energy]

   It protects you from negative energy.
   It affects your resistance to hostile enchantments.
 V - the amulet "Lickaar" {+Rage rC+}
   (You found it on level 3 of the Elven Halls)

   [amulet of rage]

   It protects you from cold.
   It lets you go berserk.
 Y - the ring "Diclumoh" {+Blink rN+ Str-4 Int+6 Dex+2}
   (You found it on level 3 of the Elven Halls)

   [ring of dexterity]

   It affects your strength (-4).
   It affects your intelligence (+6).
   It affects your dexterity (+2).
   It protects you from negative energy.
   It lets you blink.
Wands
 q - a wand of flame (28/48)
 P - a wand of clouds (4/9)
 Q - a wand of acid (2/15)
 Z - a wand of clouds (3/9)
Scrolls
 a - 2 scrolls of fog
 b - a scroll of fear
 f - 13 scrolls of teleportation
 v - 5 scrolls of recharging
 F - 3 scrolls of magic mapping
 H - 8 scrolls of blinking
 T - 2 scrolls of immolation
Potions
 h - 10 potions of curing
 i - a potion of agility
 m - a potion of heal wounds
 n - 5 potions of magic
 o - 5 potions of might
 p - 7 potions of brilliance
 r - 7 potions of haste
 s - a potion of resistance
 z - 4 potions of mutation
 A - 2 potions of cancellation
 M - 2 potions of berserk rage
 O - 7 potions of ambrosia
Books
 g - the Handbook of Ashen Self-Improvement
   (You found it on level 3 of the Elven Halls)

   Spells                             Type                      Level
   a - Sandblast                      Earth                        1
   b - Shroud of Golubria             Charms/Translocation         2
   c - Swiftness                      Charms/Air                   2
   d - Passwall                       Transmutation/Earth          2
   e - Ozocubu's Armour               Charms/Ice                   3
   f - Bolt of Magma                  Conjuration/Fire/Earth       5
   g - Lee's Rapid Deconstruction     Earth                        5
   Trog disapproves of the use of such an item.
 l - a book of Unlife

   Spells                             Type                      Level
   a - Recall                         Summoning/Translocation      3
   b - Animate Dead                   Necromancy                   4
   c - Control Undead                 Necromancy                   4
   d - Cigotuvi's Embrace             Necromancy                   5
   e - Death Channel                  Necromancy                   6
   f - Simulacrum                     Ice/Necromancy               6
   Trog disapproves of the use of such an item.
 L - Lee's Grimoire of Earthen Conjuration
   (You found it on level 1 of the Vaults)

   Spells                             Type                      Level
   a - Conjure Flame                  Conjuration/Fire             3
   b - Venom Bolt                     Conjuration/Poison           5
   c - Bolt of Fire                   Conjuration/Fire             6
   d - Statue Form                    Transmutation/Earth          6
   Trog disapproves of the use of such an item.
 R - a Grand Grimoire

   Spells                             Type                      Level
   a - Monstrous Menagerie            Summoning                    7
   b - Summon Greater Demon           Summoning                    7
   c - Malign Gateway                 Summoning/Translocation      7
   d - Summon Horrible Things         Summoning                    8
   Trog disapproves of the use of such an item.
 W - a book of Misfortune

   Spells                             Type                      Level
   a - Confusing Touch                Hexes                        1
   b - Confuse                        Hexes                        3
   c - Gell's Gravitas                Translocation                3
   d - Petrify                        Transmutation/Earth          4
   e - Metabolic Englaciation         Hexes/Ice                    5
   f - Yara's Violent Unravelling     Hexes/Transmutation          5
   Trog disapproves of the use of such an item.
 X - a book of Conjurations

   Spells                             Type                      Level
   a - Magic Dart                     Conjuration                  1
   b - Searing Ray                    Conjuration                  2
   c - Dazzling Spray                 Conjuration/Hexes            3
   d - Fulminant Prism                Conjuration/Hexes            4
   e - Force Lance                    Conjuration/Translocation    4
   f - Iskenderun's Mystic Blast      Conjuration                  4
   Trog disapproves of the use of such an item.
Miscellaneous
 w - a fan of gales
 K - a phial of floods
 S - 4 boxes of beasts
Comestibles
 c - 14 bread rations
 u - 9 meat rations


   Skills:
 + Level 11.0 Fighting
 * Level 23.2 Axes
 * Level 18.4 Armour
 + Level 11.1 Dodging


You had 19 spell levels left.
You didn't know any spells.

Dungeon Overview and Level Annotations

Branches:
Dungeon (15/15)              Lair (6/6) D:9          Shoals (4/4) Lair:2
 Spider (4/4) Lair:3        Slime (0/5) Lair:6          Orc (2/2) D:9
    Elf (3/3) Orc:2        Vaults (4/5) D:13          Crypt (0/3) Vaults:2
 Temple: D:4-7       Depths: D:15

Altars:
Gozag
Hepliaklqana
Kikubaaqudgha
Nemelex Xobeh
Trog
Vehumet
Wu Jian
Xom
Zin
The Shining One
Beogh

Shops:
D:2 *   D:5 :%[   D:7 *   D:11 *   D:14 !   Orc:2 [([?   Elf:2 (}?=
Shoals:3 [   Vaults:2 ?

Annotations:
Vaults:4 Mennas


Innate Abilities, Weirdness & Mutations

You have claws for feet.
You are mostly covered in slimy green scales. (AC +3)
A demonic guardian rushes to your aid.
Your flesh is heat resistant. (rF+)
You regenerate health from kills.
You have a beak for a mouth.
You have sharp fingernails.
Your mind is very acute. (Int +4)
Your flesh is cold resistant. (rC+)
Your system is resistant to poisons. (rPois)
You are robust. (+10% HP)
You are resistant to electric shocks. (rElec)
You are weak. (Str -2)


Message History

Unknown command.
Throwing (i - inventory):
U - 4 throwing nets (quivered)
Press: ? - help, Shift-Dir - straight line, f - Mennas
Aim: Mennas, wielding a trishula of holy wrath and wearing a large shield (unusually strong, haloed)
You throw a throwing net. The throwing net closely misses Mennas.
You hear a shout!
Mennas misses you.
Mennas hits you with a trishula of holy wrath!
* * * LOW HITPOINT WARNING * * *
You convulse.
* * * LOW HITPOINT WARNING * * *
Mennas blocks your smoke demon's attack.
Your smoke demon hits Mennas but does no damage.
Mennas blocks your smoke demon's attack.
Your ogre rages.
Mennas misses you.
Mennas hits you with a trishula of holy wrath!!
* * * LOW HITPOINT WARNING * * *
You convulse!!!
You die...

######### ....
........ .... ........
.... ......
.....##############...
.....#............#.#
.....#..........33'.#
.....#..........@A#(#
.....#.....>....OO#.#
.....#...........O#.#
.....#............#.#
.....###+##########p#
......#.......# ...
......###...### ...
......#.#...#.+ .A...
......#.......# .....


You could see Mennas, a friendly soul eater, a friendly smoke demon and 3
friendly ogres.

Vanquished Creatures
  Mara (Vaults:3)
  Bai Suzhen (Shoals:4)
  Rupert (Lair:3)
  A tentacled monstrosity (Vaults:4)
  A deep elf blademaster (Elf:3)
  An Ice Fiend (IceCv)
  3 deep elf master archers (Elf:3)
  A sphinx (Vaults:3)
  Donald (Shoals:1)
  Ilsuiw (Shoals:4)
  2 fire giants (Vaults:4)
  Louise (Shoals:3)
  4 ghost moths (Spider:4)
  Aizul (Shoals:2)
  4 vault wardens
  9 emperor scorpions
  2 orc warlords
  6 deep elf sorcerers (Elf:3)
  5 deep elf elementalists (Elf:3)
  7 ironheart preservers
  A very ugly thing (WizLab)
  An entropy weaver (Lair:3)
  5 deep elf demonologists (Elf:3)
  Nessos (D:12)
  7 deep elf annihilators
  A dire elephant (Lair:6)
  2 spark wasps
  10 merfolk javelineers
  A minotaur (Lab)
  3 deep elf death magi (Elf:3)
  An ettin (Vaults:4)
  A deep elf high priest (Elf:3)
  5 yaktaur captains
  6 merfolk impalers
  A great orb of eyes (Vaults:1)
  A vault guard (D:13)
  Fannar (D:12)
  Erolcha (D:12)
  A rakshasa (Vaults:3)
  3 fire dragons
  A catoblepas (Lair:6)
  6 centaur warriors
  An ice dragon (Vaults:1)
  3 alligator snapping turtles
  6 hydras
  2 ogre magi
  9 two-headed ogres
  3 satyrs
  4 merfolk aquamancers (Shoals:4)
  3 merfolk avatars
  3 dancing weapons
  Urug (D:14)
  25 death yaks
  A deep troll shaman (Lair:6)
  An orc high priest (Orc:1)
  9 deep elf knights
  Nergalle (D:10)
  6 unseen horrors
  9 sea snakes
  2 glowing orange brains
  A skeletal warrior (Vaults:1)
  A flayed ghost (Vaults:1)
  6 deep trolls
  9 deep elf archers
  17 harpies
  A lindwurm (Lair:6)
  3 orc knights
  Pikel (D:6)
  A wolf spider zombie (D:14)
  12 ironbrand convokers
  A necromancer (Vaults:4)
  12 orb spiders
  A harpy (shapeshifter) (Vaults:4)
  38 deep elf magi
  15 fauns
  18 ugly things
  5 orc sorcerers
  30 wolf spiders
  8 manticores
  4 cyclopes
  9 elephants
  2 moths of wrath
  3 ice statues
  A human skeleton (Vaults:4)
  6 vault sentinels
  8 merfolk sirens
  3 black mambas (Lair:6)
  5 water nymphs
  3 torpor snails
  9 spiny frogs
  3 gargoyles
  Joseph (D:7)
  The ghost of 4thArraOfDagon the Chopper, a novice DsBe of Trog (D:6)
  4 rime drakes
  4 komodo dragons
  A komodo dragon (shapeshifter) (Vaults:1)
  A kobold demonologist (D:15)
  19 yaktaurs
  A golden dragon simulacrum (IceCv)
  4 anaconda simulacra (IceCv)
  10 demonic crawlers
  5 freezing wraiths
  3 ice devils (IceCv)
  A jumping spider (shapeshifter) (Vaults:3)
  4 trolls
  22 merfolk
  36 jumping spiders
  5 wind drakes
  5 hornets
  4 small abominations
  A shadow dragon simulacrum (Vaults:3)
  3 meliai (Spider:2)
  A polar bear (Lair:5)
  A hornet (shapeshifter) (D:13)
  A dream sheep (Lair:4)
  15 slime creatures
  8 blink frogs (Lair:6)
  8 hippogriffs
  4 snapping turtles
  A shadow (D:13)
  A tarantella (shapeshifter) (Vaults:3)
  2 vampires
  65 redbacks
  6 water elementals
  2 wraiths
  A wyvern (D:11)
  3 basilisks (Lair:6)
  2 dire elephant simulacra (IceCv)
  42 yaks
  A yak (shapeshifter) (Vaults:4)
  24 tarantellas
  A death yak simulacrum (IceCv)
  4 steam dragons (Shoals:1)
  5 vampire mosquitoes
  4 harpy simulacra (IceCv)
  An iron troll simulacrum (IceCv)
  4 wargs
  4 porcupines
  2 hell hounds (D:9)
  14 water moccasins
  A deep troll zombie (Vaults:4)
  3 hydra simulacra (IceCv)
  A water moccasin (shapeshifter) (Vaults:1)
  3 phantoms
  4 sky beasts
  43 orc warriors
  A hornet zombie (D:12)
  5 ice beasts
  3 black bears
  15 ogres
  13 wolves
  18 centaurs
  10 crocodiles
  An elf skeleton (Vaults:4)
  4 big kobolds
  A wyvern zombie (D:11)
  16 bullfrogs
  A gnoll sergeant (Orc:1)
  3 earth elementals (Elf:3)
  A wyvern skeleton (D:14)
  A swamp dragon simulacrum (IceCv)
  22 killer bees
  9 wights
  5 electric eels
  4 crimson imps
  3 bullfrog zombies
  3 centaur zombies
  5 centaur skeletons
  5 hounds
  2 draconian simulacra (IceCv)
  6 jellies
  2 bullfrog skeletons
  16 orc priests
  29 orc wizards
  3 iguanas
  9 worker ants
  4 troll simulacra (IceCv)
  A wolf simulacrum (IceCv)
  A spriggan simulacrum (IceCv)
  A killer bee zombie (D:7)
  2 polar bear simulacra (IceCv)
  4 centaur simulacra (IceCv)
  2 hound zombies
  A hound skeleton (D:6)
  A howler monkey zombie (D:3)
  3 gnolls (D:7)
  2 river rats (D:3)
  15 adders
  4 naga simulacra (IceCv)
  A shadow imp (D:11)
  4 white imps (IceCv)
  9 ufetubi (IceCv)
  3 oozes
  6 worms
  A leopard gecko (D:2)
  86 orcs
  2 bats (D:2)
  8 giant cockroaches
  10 hobgoblins
  7 jackals (Sewer)
  3 quokkas
  2 ball pythons
  A ball python skeleton (D:5)
  4 frilled lizards
  4 goblins
  33 kobolds
  A leopard gecko skeleton (D:5)
  A leopard gecko zombie (D:6)
  9 rats
  A crawling corpse (Elf:3)
  2 fungi
  19 plants
1329 creatures vanquished.

Vanquished Creatures (collateral kills)
  Nikola (Shoals:4)
  A deep elf blademaster (Elf:3)
  A ghost moth (Spider:4)
  3 vault wardens
  An emperor scorpion (Spider:4)
  2 deep elf sorcerers (Elf:3)
  A deep elf elementalist (Elf:3)
  A deep elf demonologist (Elf:3)
  2 deep elf annihilators (Elf:3)
  A deep elf death mage (Elf:3)
  A merfolk javelineer (Shoals:4)
  3 deep elf high priests (Elf:3)
  2 merfolk avatars (Shoals:4)
  A centaur warrior (D:13)
  A death yak (Lair:6)
  2 two-headed ogres
  A death knight (Vaults:1)
  A skeletal warrior (Vaults:1)
  2 deep trolls (Vaults:1)
  An orc knight (Vaults:3)
  A deep elf archer (Elf:2)
  An ironbrand convoker (Vaults:4)
  4 harpies (Shoals:4)
  4 orb spiders
  4 deep elf magi
  2 wolf spiders
  4 ugly things (D:14)
  An elephant (Lair:5)
  A faun (Shoals:4)
  A water nymph (Shoals:4)
  3 yaktaurs (Vaults:1)
  A kobold demonologist (D:13)
  An ice devil (IceCv)
  A troll (D:15)
  7 jumping spiders
  2 merfolk (Shoals:4)
  3 hornets
  A hippogriff (D:12)
  A tarantella (Spider:2)
  5 redbacks
  A yak (D:13)
  2 vampire mosquitoes
  2 orc warriors (Orc:2)
  An eye of draining (D:14)
  An ogre (Vaults:4)
  An orc priest (Orc:1)
  An orc wizard (Orc:1)
  4 orcs
90 creatures vanquished.

Vanquished Creatures (others)
  A deep elf elementalist (Elf:3)
  A sea snake (Shoals:1)
  An ironbrand convoker (Vaults:3)
  A centaur skeleton (D:15)
  A jumping spider (Spider:1)
  4 boggarts (D:15)
  A white imp (IceCv)
  An ufetubus (IceCv)
  A leopard gecko (D:9)
  8 fungi
  14 plants
34 creatures vanquished.

Grand Total: 1453 creatures vanquished

Notes
Turn   | Place    | Note
-------+----------+-------------------------------------------
     0 | D:1      | 4thArraOfDagon the Demonspawn Berserker began the quest for the Orb.
     0 | D:1      | Reached XP level 1. HP: 18/18 MP: 1/1
    87 | D:1      | Gained mutation: You have sharp toenails. [demonic ancestry]
    87 | D:1      | Reached XP level 2. HP: 23/24 MP: 2/2
   155 | D:2      | Reached skill level 3 in Axes
   235 | D:2      | Reached XP level 3. HP: 29/29 MP: 3/3
   437 | D:2      | Found Gozag's Platinum Reserve.
   445 | D:2      | Found an opulent altar of Gozag.
   505 | D:2      | 4thArraOfDagon: dobre ceny
   505 | D:2      | 4thArraOfDagon: bardzo dobre
   505 | D:2      | 4thArraOfDagon: :)
   505 | D:2      | 4thArraOfDagon: 6 kobli, gdzie ja uzbieram
   505 | D:2      | 4thArraOfDagon: haha
   563 | D:3      | Reached skill level 4 in Axes
   572 | D:3      | Thaneod: ?
   577 | D:3      | Reached ** piety under Trog
   593 | D:3      | Thaneod: ah
   656 | D:3      | Thaneod: jak bylem po kromki to platinium reserve odwiedziles
   656 | D:3      | 4thArraOfDagon: patrz
   656 | D:3      | 4thArraOfDagon: haha
   656 | D:3      | Thaneod: nom
   656 | D:3      | 4thArraOfDagon: z czym kromki
   670 | D:3      | Found a faded altar of an unknown god.
   672 | D:3      | Thaneod: pomidor i wedlina
   688 | D:3      | Reached XP level 4. HP: 35/35 MP: 4/4
   700 | D:3      | Thaneod: ooo
   710 | D:3      | Found a glowing drain.
   720 | Sewer    | Entered a sewer
   751 | Sewer    | Thaneod: jak postac dostanie jakis random branch to tez +1 do przezycia ma
   979 | Sewer    | 4thArraOfDagon: nom
   979 | Sewer    | 4thArraOfDagon: to jest blogoslawienstwo :)
   988 | Sewer    | Reached skill level 5 in Axes
   988 | Sewer    | Reached XP level 5. HP: 41/41 MP: 5/5
  1278 | D:4      | Found a glowing golden altar of the Shining One.
  1367 | D:4      | Found a hazy altar of Hepliaklqana.
  1438 | D:4      | Noticed an ogre
  1443 | D:4      | Killed an ogre
  1443 | D:4      | Reached skill level 6 in Axes
  1443 | D:4      | Reached XP level 6. HP: 47/47 MP: 6/6
  1516 | D:4      | Reached *** piety under Trog
  1521 | D:4      | Thaneod: jak slaby boss na poczatku kolejne +1
  1650 | D:4      | 4thArraOfDagon: no
  1650 | D:4      | 4thArraOfDagon: ale czasami sie mozna przeleciec :)
  1701 | D:4      | Thaneod: z berserkiem to latwiej, bo maja malo hp
  1710 | D:4      | Found an ancient bone altar of Kikubaaqudgha.
  1712 | D:4      | 4thArraOfDagon: no
  1712 | D:4      | 4thArraOfDagon: jakies dziwne lagi
  1712 | D:4      | 4thArraOfDagon: zresetuje karte sieciowa
  1719 | D:5      | Entered Level 5 of the Dungeon
  1905 | D:5      | Reached skill level 7 in Axes
  1908 | D:5      | Reached XP level 7. HP: 52/52 MP: 7/7
  1943 | D:5      | Found Pacushra's Food Emporium.
  1947 | D:5      | Got a bloodstained cloak
  2024 | D:5      | Identified the cursed +0 cloak of Ohocsun {rC+ Str-3 SInv} (You found it on level 5 of the Dungeon)
  2031 | D:5      | Thaneod: the +7 great mace "Firestarter" {inner flame, rF++}.
  2038 | D:5      | Thaneod: dobre jest to inner?
  2044 | D:5      | Found Veptaara's Antique Armour Shop.
  2088 | D:5      | Reached skill level 8 in Axes
  2177 | D:5      | Found Uxedas's Book Emporium.
  2277 | D:6      | Noticed 4thArraOfDagon's ghost (novice DsBe)
  2278 | D:6      | Noticed Pikel
  2281 | D:6      | 4thArraOfDagon: to jak immolation
  2281 | D:6      | Thaneod: ooo
  2281 | D:6      | 4thArraOfDagon: jak uderzysz wroga to dajesz mi immo
  2281 | D:6      | 4thArraOfDagon: i rozwala fireballem jak zabijesz xd
  2298 | D:6      | 4thArraOfDagon: idealny jak masz zrodlo hp od bozka
  2298 | D:6      | Thaneod: czyli jak mam rf+++++ to ok>
  2298 | D:6      | 4thArraOfDagon: na przyklad tso badz mak
  2298 | D:6      | 4thArraOfDagon: ok
  2309 | D:6      | Killed 4thArraOfDagon's ghost
  2309 | D:6      | Reached skill level 9 in Axes
  2309 | D:6      | Gained mutation: You regenerate a little health from kills. [demonic ancestry]
  2309 | D:6      | Reached XP level 8. HP: 58/58 MP: 8/8
  2320 | D:6      | Thaneod: ok
  2456 | D:6      | Killed Pikel
  2456 | D:6      | Reached skill level 10 in Axes
  2493 | D:6      | Found an ornate altar of the Wu Jian Council.
  2538 | D:6      | Got a faintly glowing iron ring
  2541 | D:6      | Identified the ring "Zeruralap" {+Inv rElec rN+ MP+9 Stlth-} (You found it on level 6 of the Dungeon)
  2592 | D:7      | Reached **** piety under Trog
  2622 | D:7      | Reached skill level 11 in Axes
  2622 | D:7      | Gained mutation: You are partially covered in slimy green scales. (AC +2) [demonic ancestry]
  2622 | D:7      | Reached XP level 9. HP: 48/63 MP: 9/9
  2658 | D:7      | Thaneod: o zesz ale masakra
  2695 | D:7      | Noticed Joseph
  2696 | D:7      | 4thArraOfDagon: mowilem :)
  2696 | D:7      | 4thArraOfDagon: musisz miec hp z killi
  2696 | D:7      | 4thArraOfDagon: bo nieprzezyjesz dlugp
  2717 | D:7      | Killed Joseph
  2780 | D:7      | Noticed a moth of wrath
  2783 | D:7      | Found a bloodstained altar of Trog.
  2878 | D:7      | Found Pahoal's Assorted Antiques.
  2891 | D:7      | Bought a scroll labeled DIN DOBETIEC for 27 gold pieces
  2891 | D:7      | Bought a silvery potion for 24 gold pieces
  2891 | D:7      | Bought 2 scrolls labeled MYXIUGU IPOA for 54 gold pieces
  2891 | D:7      | Bought a scroll labeled DIN DOBETIEC for 27 gold pieces
  2891 | D:7      | Bought a smoky black potion for 24 gold pieces
  2967 | D:7      | Reached skill level 12 in Axes
  2993 | D:7      | Thaneod: jeden blast nawet z rf +++ ++ 40hp zabralo
  3035 | D:7      | Found a sparkling altar of Nemelex Xobeh.
  3063 | D:7      | Received a gift from Trog
  3164 | D:8      | Identified the cursed +0 buckler of Broken Taboos {rF+++} (You found it on level 8 of the Dungeon)
  3166 | D:8      | 4thArraOfDagon: ooo
  3166 | D:8      | 4thArraOfDagon: patrz
  3166 | D:8      | 4thArraOfDagon: :)
  3393 | D:8      | Thaneod: no
  3569 | D:9      | Noticed a two-headed ogre
  3581 | D:9      | Killed a two-headed ogre
  3581 | D:9      | Reached skill level 13 in Axes
  3581 | D:9      | Gained mutation: You regenerate health from kills. [demonic ancestry]
  3581 | D:9      | Reached XP level 10. HP: 49/70 MP: 10/10
  3657 | D:9      | Found a staircase to the Lair.
  3801 | D:9      | 4thArraOfDagon: wreszcie dobry toporek
  3825 | D:9      | Found a staircase to the Orcish Mines.
  3844 | D:9      | Reached skill level 14 in Axes
  3959 | D:9      | Noticed a two-headed ogre
  3984 | D:9      | Killed a two-headed ogre
  4230 | D:10     | Entered Level 10 of the Dungeon
  4280 | D:10     | Noticed Nergalle
  4285 | D:10     | Killed Nergalle
  4285 | D:10     | Reached XP level 11. HP: 75/75 MP: 11/11
  4366 | D:10     | Reached skill level 15 in Axes
  4554 | D:11     | Noticed a white ugly thing
  4558 | D:12     | Noticed an unseen horror
  4570 | D:12     | Killed an unseen horror
  4606 | D:12     | Noticed Fannar
  4621 | D:12     | Killed Fannar
  4637 | D:12     | Found a shimmering altar of Xom.
  4638 | D:12     | Found a shimmering altar of Xom.
  4641 | D:12     | Found a shimmering altar of Xom.
  4641 | D:12     | Found a shimmering altar of Xom.
  4641 | D:12     | Found a shimmering altar of Xom.
  4642 | D:12     | Found a shimmering altar of Xom.
  4642 | D:12     | Found a shimmering altar of Xom.
  4642 | D:12     | Found a shimmering altar of Xom.
  4676 | D:12     | 4thArraOfDagon: jakis progres?
  4696 | D:12     | Got a transparent chain mail
  4707 | D:12     | Identified the cursed +0 chain mail "Aniunkyth" {rF++ MP+9 Dex+2} (You found it on level 12 of the Dungeon)
  4707 | D:12     | Noticed a white ugly thing
  4714 | D:12     | Killed a white ugly thing
  4717 | D:12     | Gained mutation: You have sharp fingernails. [mutagenic meat]
  4718 | D:12     | Gained mutation: Scrolls take you a little longer to read. [mutagenic meat]
  4719 | D:12     | Gained mutation: You are weak. (Str -2) [mutagenic meat]
  4728 | D:12     | Identified a scroll of acquirement
  4757 | D:11     | Lost mutation: You are weak. (Str -2) [mutagenic meat]
  4758 | D:11     | Gained mutation: Your mind is acute. (Int +2) [mutagenic meat]
  4759 | D:11     | Gained mutation: Your mind is very acute. (Int +4) [mutagenic meat]
  4760 | D:11     | Gained mutation: Your flesh is cold resistant. (rC+) [mutagenic meat]
  4834 | D:11     | Found Jerat's Serpentskin Sales.
  4847 | D:11     | Reached skill level 16 in Axes
  4857 | D:11     | Thaneod: u mnie?
  5020 | D:11     | Noticed an unseen horror
  5034 | D:11     | Killed an unseen horror
  5123 | D:12     | Noticed a two-headed ogre
  5131 | D:12     | Killed a two-headed ogre
  5133 | D:12     | Reached ***** piety under Trog
  5186 | D:12     | Noticed Erolcha
  5195 | D:12     | Killed Erolcha
  5274 | D:12     | Noticed Nessos
  5294 | D:12     | Killed Nessos
  5294 | D:12     | Reached skill level 17 in Axes
  5294 | D:12     | Gained mutation: A weak demonic guardian rushes to your aid. [demonic ancestry]
  5294 | D:12     | Reached XP level 12. HP: 36/81 MP: 12/12
  5312 | D:12     | Thaneod: nice trick:)
  5371 | D:13     | 4thArraOfDagon: wand of para zawsze w cenie
  5483 | D:13     | Noticed a four-headed hydra
  5499 | D:13     | Killed a six-headed hydra
  5525 | D:13     | Noticed a two-headed ogre
  5531 | D:13     | Killed a two-headed ogre
  5609 | D:13     | Received a gift from Trog
  5648 | D:13     | Noticed a centaur warrior
  5654 | D:13     | Killed a centaur warrior
  5662 | D:13     | Noticed a seven-headed hydra
  5674 | D:14     | Noticed a centaur warrior
  5684 | D:14     | Killed a centaur warrior
  5684 | D:14     | Reached skill level 18 in Axes
  5720 | D:14     | Thaneod: berserk?
  5726 | D:14     | Thaneod: nvm
  5759 | D:14     | Gained mutation: Your flesh is very cold resistant. (rC++) [mutagenic meat]
  5760 | D:14     | Gained mutation: Your flesh is almost immune to the effects of cold. (rC+++) [mutagenic meat]
  5761 | D:14     | Lost mutation: Your flesh is almost immune to the effects of cold. (rC+++) [mutagenic meat]
  5762 | D:14     | Lost mutation: Scrolls take you a little longer to read. [mutagenic meat]
  5765 | D:14     | Lost mutation: Your mind is very acute. (Int +4) [mutagenic meat]
  5766 | D:14     | Gained mutation: Your mind is very acute. (Int +4) [mutagenic meat]
  5772 | D:14     | Gained mutation: You are weak. (Str -2) [mutagenic meat]
  5773 | D:14     | Gained mutation: You have a beak for a mouth. [mutagenic meat]
  5829 | D:13     | Noticed a centaur warrior
  5834 | D:13     | Killed a centaur warrior
  5897 | D:13     | Lost mutation: Your flesh is very cold resistant. (rC++) [mutagenic meat]
  5898 | D:13     | Gained mutation: Your spells are a little easier to cast, but a little less powerful. [mutagenic meat]
  6029 | D:14     | Reached XP level 13. HP: 32/86 MP: 1/13
  6117 | D:14     | Noticed Urug
  6129 | D:14     | Killed Urug
  6141 | D:14     | 4thArraOfDagon: nom
  6181 | D:14     | Found Nievie's Distillery.
  6209 | D:14     | Bought a potion of might for 48 gold pieces
  6209 | D:14     | Bought a potion of heal wounds for 60 gold pieces
  6209 | D:14     | Bought a potion of curing for 36 gold pieces
  6209 | D:14     | Bought 2 potions of mutation for 192 gold pieces
  6209 | D:14     | Bought a potion of mutation for 96 gold pieces
  6458 | D:15     | Entered Level 15 of the Dungeon
  6614 | D:15     | Reached skill level 19 in Axes
  7042 | Orc:1    | Entered Level 1 of the Orcish Mines
  7181 | Orc:1    | Noticed an orc warlord
  7203 | Orc:1    | Killed an orc warlord
  7205 | Orc:1    | Reached skill level 5 in Armour
  7554 | Orc:2    | Entered Level 2 of the Orcish Mines
  7730 | Orc:2    | Found a roughly hewn altar of Beogh.
  7861 | Orc:2    | Found a roughly hewn altar of Beogh.
  7906 | Orc:2    | Found a roughly hewn altar of Beogh.
  7914 | Orc:2    | Paralysed by an orc sorcerer for 3 turns
  7927 | Orc:2    | Found Asuenut's Magic Scroll Shop.
  7935 | Orc:2    | Bought a scroll of teleportation for 42 gold pieces
  7935 | Orc:2    | Bought a scroll of blinking for 105 gold pieces
  7935 | Orc:2    | Bought a scroll of teleportation for 42 gold pieces
  7986 | Orc:2    | Found a staircase to the Elven Halls.
  8019 | Orc:2    | Found a roughly hewn altar of Beogh.
  8019 | Orc:2    | Found Bofoter's Antique Armour Boutique.
  8044 | Orc:2    | Bought a pair of runed gloves for 225 gold pieces
  8091 | Orc:2    | Found a roughly hewn altar of Beogh.
  8134 | Orc:2    | Reached ****** piety under Trog
  8150 | Orc:2    | Found a roughly hewn altar of Beogh.
  8250 | Orc:2    | Received a gift from Trog
  8314 | Orc:2    | Gained mutation: You have razor-sharp toenails. [demonic ancestry]
  8314 | Orc:2    | Reached XP level 14. HP: 93/93 MP: 14/14
  8316 | Orc:2    | Noticed an orc warlord
  8347 | Orc:2    | Killed an orc warlord
  8390 | Orc:2    | Found Fousicaseu's Antique Armour Shoppe.
  8391 | Orc:2    | Found a roughly hewn altar of Beogh.
  8400 | Orc:2    | Found Ymiphi's Antique Weapon Emporium.
  8526 | Lair:1   | Entered Level 1 of the Lair of Beasts
  8592 | Lair:2   | You fall through a shaft!
  8597 | Lair:3   | Noticed Rupert
  8614 | Lair:3   | Killed Rupert
  8822 | Lair:4   | Reached skill level 20 in Axes
  8858 | Lair:4   | Found a labyrinth entrance.
  8879 | Lab      | Entered a labyrinth
  9485 | Lab      | Found the +3 warlock's mirror {reflect}
  9772 | Lair:6   | Entered Level 6 of the Lair of Beasts
  9792 | Lair:6   | Received a gift from Trog
  9800 | Lair:6   | Found a staircase to the Slime Pits.
 10098 | Lair:6   | Gained mutation: A demonic guardian rushes to your aid. [demonic ancestry]
 10098 | Lair:6   | Reached XP level 15. HP: 98/98 MP: 15/15
 10274 | Lair:6   | Received a gift from Trog
 10293 | Lair:6   | Got a transparent platinum ring
 10295 | Lair:6   | Identified the ring "Wysirydgh" {rN+ MR+} (You found it on level 6 of the Lair of Beasts)
 10303 | Lair:6   | Got a pitted amber ring
 10305 | Lair:6   | Identified the ring "Ulagry" {rN+ MP-9 Dex+7 Slay+1} (You found it on level 6 of the Lair of Beasts)
 10361 | Lair:6   | Reached skill level 10 in Armour
 10553 | Lair:6   | Found a glowing silver altar of Zin.
 10600 | Lair:5   | Reached skill level 21 in Axes
 10813 | Lair:3   | Found a hole to the Spider Nest.
 11533 | Elf:1    | Entered Level 1 of the Elven Halls
 11581 | Elf:1    | Found a radiant altar of Vehumet.
 11951 | Elf:2    | Found Suasant's Jewellery Boutique.
 11952 | Elf:2    | Found Qoicu's Magic Scroll Boutique.
 11952 | Elf:2    | Found Ibiys's Gadget Shop.
 12050 | Elf:2    | Found Xess's Antique Weapon Shop.
 12085 | Elf:2    | Bought a scroll of enchant weapon for 120 gold pieces
 12142 | Elf:3    | Entered Level 3 of the Elven Halls
 12184 | Elf:3    | Received a gift from Trog
 12892 | Elf:3    | Got a transparent leather armour
 12911 | Elf:3    | Got a dazzling shield
 13010 | Elf:3    | Reached skill level 5 in Dodging
 13010 | Elf:3    | Gained mutation: You are mostly covered in slimy green scales. (AC +3) [demonic ancestry]
 13010 | Elf:3    | Reached XP level 16. HP: 43/104 MP: 7/16
 13011 | Elf:3    | Noticed a deep elf master archer
 13037 | Elf:3    | Killed a deep elf master archer
 13061 | Elf:3    | Noticed a deep elf blademaster
 13085 | Elf:3    | Killed a deep elf blademaster
 13258 | Elf:3    | Noticed a Tzitzimitl
 13260 | Elf:3    | Received a gift from Trog
 13327 | Elf:3    | Noticed a Hell Sentinel
 13362 | Elf:3    | Noticed a deep elf master archer
 13369 | Elf:3    | Killed a deep elf master archer
 13555 | Elf:3    | Noticed a deep elf blademaster
 13570 | Elf:3    | Killed a deep elf blademaster
 13621 | Elf:3    | Reached skill level 5 in Fighting
 13643 | Elf:3    | Noticed a deep elf master archer
 13687 | Elf:3    | Killed a deep elf master archer
 13785 | Elf:3    | Got a wavering tin amulet
 13794 | Elf:3    | Identified the +1 leather armour "Zyfatz" {MR++ Int+5} (You found it on level 3 of the Elven Halls)
 13840 | Elf:3    | Got a transparent morningstar
 13878 | Elf:3    | Received a gift from Trog
 13908 | Elf:3    | Identified the Handbook of Ashen Self-Improvement
 13917 | Elf:3    | Got a twitching platinum ring
 13944 | Elf:3    | Got a clouded steel ring
 13957 | Elf:3    | Identified the amulet "Lickaar" {+Rage rC+} (You found it on level 3 of the Elven Halls)
 13961 | Elf:3    | Identified the ring "Diclumoh" {+Blink rN+ Str-4 Int+6 Dex+2} (You found it on level 3 of the Elven Halls)
 13963 | Elf:3    | Identified the ring "Buelein" {Wiz Int+2} (You found it on level 3 of the Elven Halls)
 14080 | Elf:2    | Bought a scroll of remove curse for 48 gold pieces
 14089 | Elf:2    | Bought the macabre finger necklace {rN+} for 840 gold pieces
 14089 | Elf:2    | Found the macabre finger necklace {rN+}
 14157 | Elf:2    | Identified the cursed +2 morningstar of a ziggurat {vamp, Dex+2 SInv} (You found it on level 3 of the Elven Halls)
 14176 | Elf:2    | Identified the +0 shield of the Shining One's Whim {-Tele Str+4 Dex+6} (You acquired it on level 3 of the Elven Halls)
 14176 | Elf:2    | Bought a scroll of remove curse for 48 gold pieces
 14428 | Spider:1 | Entered Level 1 of the Spider Nest
 14446 | Lair:3   | Received a gift from Trog
 14678 | Spider:1 | Reached XP level 17. HP: 66/117 MP: 8/17
 14907 | Spider:1 | You fall through a shaft!
 15278 | Spider:3 | Reached skill level 15 in Armour
 15291 | Spider:3 | Received a gift from Trog
 15698 | Spider:4 | Entered Level 4 of the Spider Nest
 15963 | Spider:4 | Received a gift from Trog
 16564 | Spider:4 | Received a gift from Trog
 16783 | Spider:4 | Gained mutation: You have claws for feet. [demonic ancestry]
 16783 | Spider:4 | Reached XP level 18. HP: 57/127 MP: 0/18
 16866 | Spider:4 | Got a gossamer rune of Zot
 17295 | Lair:2   | Found a staircase to the Shoals.
 17343 | Shoals:1 | Entered Level 1 of the Shoals
 17497 | Shoals:1 | Reached skill level 22 in Axes
 17567 | Shoals:1 | Noticed Donald
 17574 | Shoals:1 | Killed Donald
 17797 | Shoals:2 | manon: Guess my luck. One scroll of branding. Got mysefl a vamp battle axe (+9) :-)
 17798 | Shoals:2 | 4thArraOfDagon: ohh
 17798 | Shoals:2 | 4thArraOfDagon: fantastic :)
 17798 | Shoals:2 | manon: nice
 17798 | Shoals:2 | 4thArraOfDagon: i used 4 brands and got drain , still not bad
 17813 | Shoals:2 | manon: so now Im off to bed instead of using Tab-Tab to kill myself...
 17915 | IceCv    | Entered an ice cave
 17924 | IceCv    | 4thArraOfDagon: haha
 18279 | IceCv    | Noticed an Ice Fiend
 18316 | IceCv    | Killed an Ice Fiend
 18416 | IceCv    | manon: and the last scroll of branding gave me executioners axe of fire (+8)
 18423 | Shoals:2 | manon: *smile*
 18425 | Shoals:2 | 4thArraOfDagon: how nice
 18425 | Shoals:2 | 4thArraOfDagon: teach me sensei
 18425 | Shoals:2 | 4thArraOfDagon: :)
 18437 | Shoals:2 | manon: lol
 18487 | Shoals:2 | Noticed Aizul
 18492 | Shoals:2 | manon: beginners luck... two scrolls to lucky rolls
 18500 | Shoals:2 | Killed Aizul
 18505 | Shoals:2 | Gained mutation: You occasionally shout uncontrollably at your foes. [mutagenic meat]
 18506 | Shoals:2 | Gained mutation: You do not regenerate when monsters are visible. [mutagenic meat]
 18507 | Shoals:2 | Lost mutation: Your spells are a little easier to cast, but a little less powerful. [potion of mutation]
 18507 | Shoals:2 | Lost mutation: You occasionally shout uncontrollably at your foes. [potion of mutation]
 18507 | Shoals:2 | Lost mutation: You do not regenerate when monsters are visible. [potion of mutation]
 18507 | Shoals:2 | Lost mutation: Your mind is very acute. (Int +4) [potion of mutation]
 18507 | Shoals:2 | Gained mutation: Your system is resistant to poisons. (rPois) [potion of mutation]
 18507 | Shoals:2 | Gained mutation: You are robust. (+10% HP) [potion of mutation]
 18507 | Shoals:2 | Gained mutation: You are resistant to electric shocks. (rElec) [potion of mutation]
 18507 | Shoals:2 | Gained mutation: Your mind is very acute. (Int +4) [potion of mutation]
 18508 | Shoals:2 | 4thArraOfDagon: lucky roll :)
 18508 | Shoals:2 | manon: not to bad mutations
 18614 | Shoals:3 | Noticed Louise
 18634 | Shoals:3 | Killed Louise
 18826 | Shoals:3 | Got a smoking helmet
 18837 | Shoals:3 | Received a gift from Trog
 18986 | Shoals:4 | Entered Level 4 of the Shoals
 18986 | Shoals:4 | Noticed Nikola
 18995 | Shoals:4 | Killed Nikola
 18998 | Shoals:4 | Got a pair of fine gloves
 19014 | Shoals:3 | Identified the +1 pair of gloves "Awouca" {rElec Str+2 Int+4} (You took it off Nikola on level 4 of the Shoals)
 19113 | Shoals:4 | Noticed Ilsuiw
 19191 | Shoals:3 | Found Kowues's Antique Armour Shop.
 19402 | Shoals:4 | Killed Ilsuiw
 19550 | Shoals:4 | Gained mutation: Your flesh is heat resistant. (rF+) [demonic ancestry]
 19550 | Shoals:4 | Reached XP level 19. HP: 24/151 MP: 10/19
 19675 | Shoals:4 | Noticed Bai Suzhen
 19688 | Shoals:4 | Killed Bai Suzhen
 19759 | Shoals:4 | Got a transparent chain mail
 19770 | Shoals:4 | Identified the cursed +0 chain mail "Cebuorr" {+Fly rF+ Str-2 Int+2} (You found it on level 4 of the Shoals)
 20156 | Shoals:4 | Got a slimy scale mail
 20428 | Shoals:4 | Got a barnacled rune of Zot
 20465 | Shoals:4 | Reached skill level 10 in Dodging
 21287 | D:13     | Found a gate to the Vaults.
 21298 | Vaults:1 | Entered Level 1 of the Vaults
 21402 | Vaults:1 | Identified Lee's Grimoire of Earthen Conjuration
 21867 | Vaults:1 | Reached skill level 10 in Fighting
 21872 | Vaults:1 | Received a gift from Trog
 22068 | Vaults:2 | Found a magical portal.
 22086 | WizLab   | Entered Cigotuvi's Fleshworks
 22163 | Vaults:2 | Found Jiosh's Magic Scroll Emporium.
 22169 | Vaults:2 | Bought a scroll of teleportation for 39 gold pieces
 22169 | Vaults:2 | Bought a scroll of brand weapon for 260 gold pieces
 22214 | Vaults:3 | Noticed Mara
 22232 | Vaults:3 | Noticed 4thArraOfDagon's illusion
 22235 | Vaults:3 | Killed Mara
 22235 | Vaults:3 | Reached skill level 23 in Axes
 22305 | Vaults:3 | Reached XP level 20. HP: 162/162 MP: 11/20
 22481 | Vaults:4 | Identified the +10 scale mail "Zonud" {rN+} (You found it on level 4 of the Shoals)
 22595 | Vaults:4 | Got a heavily runed jade ring
 22596 | Vaults:4 | Identified the ring of Bufur {Fire +Fly rPois rN+} (You found it on level 4 of the Vaults)
 22708 | Vaults:3 | Received a gift from Trog
 23010 | Vaults:4 | Noticed Mennas
 23023 | Vaults:4 | HP: 4/165 [Mennas/trishula of holy wrath (30)]
 23023 | Vaults:4 | Annihilated by Mennas

Vault maps used:
D:1:      minmay_arrival_doors, minmay_stone_trees_small,
          minmay_stone_trees_medium, hangedman_decor_slide_cut,
          minmay_tiny_reverse_x
D:2:      nicolae_gozag_zags_fifth_avenue
D:3:      first_bread, chequers_ecumenical_altar_simple_redux,
          lightli_sewer_entry_pipes, nicolae_underground_beach
D:4:      corexii_shack_village, old_standard_altar, kiku_gazebo_pond_becter,
          nicolae_tso_swordbearing_angel, serial_bayou, serial_bayou_lake_a,
          serial_bayou_pond_c, serial_bayou_ford_a, serial_bayou_pond_e
D:5:      serial_shops, kennysheep_mini, shop, kennysheep_mini_moat
D:6:      lemuel_round_altar, temple_doors_ab, basic_altar, uniq_pikel
D:7:      lemuel_blue_sif_altar, tgw_trog, serial_shops, shop,
          nemelex_spade_bored_becter, uniq_joseph
D:8:      nicolae_overflow_hidden_temple
D:9:      minmay_lair_entry_lava, orc_0_dummy, grunt_ogre_cave
D:10:     enter_trove_5, uniq_nergalle
D:11:     guppyfry_shop_venom
D:12:     xom_shifter_show, uniq_fannar, uniq_erolcha, uniq_nessos
D:13:     david_vaults_5
D:14:     infiniplex_staircase_split_hallway, serial_shops, shop,
          lemuel_flamethrower_2, uniq_urug
D:15:     hangedman_depths_entry_try_elsewhere_first, serial_shops,
          bzr_firewalk, nicolae_dithmenos_shadow_blocks, minmay_joined_circles
Lair:1:   minivault_23
Lair:2:   elwin_shoals_entry_rooms, serial_bayou_shore_b
Lair:3:   spider_nest_entry_rubble, lemuel_fruit_tree, lemuel_fruit_fields,
          uniq_rupert
Lair:4:   lab_entry_generic, minmay_lair_oklob_chamber, grunt_megastairs_1,
          uniq_snorg
Lair:5:   beast_lair_carwin_large_2, lemuel_old_faithful
Lair:6:   grunt_lair_end_beastmaster, slime_dummy, basic_altar
Shoals:1: nicolae_shoals_drake_roost, uniq_donald
Shoals:2: portal_ice_cave_entry_ice_statue_two, uniq_aizul
Shoals:3: serial_shops, nicolae_shop_trees, shop, uniq_louise
Shoals:4: shoals_end_hangedman, shoals_ilsuiw_alternative, uniq_nikola,
          uniq_bai_suzhen
Spider:2: nicolae_spider_cling_halls
Spider:4: spider_rune_water
Orc:1:    sword_in_stone
Orc:2:    grunt_orc_community_town_hall, grunt_orc_community_big_house_2,
          grunt_orc_community_big_house_1, grunt_orc_community_house_2,
          grunt_orc_community_house_1, grunt_orc_community_house_1,
          grunt_orc_community_house_2
Elf:1:    eino_elf_arrival_altar, hangedman_elf_represent, st_stairs_2
Elf:2:    minmay_shoptagon
Elf:3:    minmay_elf_hall_four_x
Vaults:1: v_pattern_5, nicolae_vaults_border_crossing,
          hangedman_vaults_river_flow, nicolae_vaults_mini_display_case,
          vaults_mumra_lcd, ontoclasm_vaults_tryst, vaults_room_fancy_cross,
          vaults_room_boxed, hangedman_vaults_corner,
          grunt_vaults_hallway_short, v_misc_14
Vaults:2: hangedman_vaults_corner_blocks, hangedman_vaults_trim, kb_rosetta,
          v_rooms_4, vaults_room_fours, vaults_room_corners,
          vaults_room_door_ring, minmay_crypt_entry_simple_round, serial_shops,
          shop, mu_enter_wizlab_1
Vaults:3: st_smaller_cells, vaults_room_fours, grunt_vaults_twisty, v_misc_11,
          dpeg_vaults_monster_box, nicolae_vaults_network_barrier,
          nicolae_vaults_what_the_h, v_misc_14, hangedman_vaults_impose,
          hangedman_vaults_corner_blocks, vaults_dpeg_spiral, uniq_mara
Vaults:4: ontoclasm_vaults_chip, grunt_vaults_funnel, hangedman_vaults_hat,
          nicolae_vaults_c_with_doors, ontoclasm_vaults_claustrophobia,
          v_misc_31, grunt_vaults_diagonal, vaults_mumra_hex,
          vaults_mumra_hexcomb, nicolae_vaults_ring_of_whatevers, uniq_mennas,
          uniq_xtahua
Lab:      labyrinth_watery, nicolae_lab_statue, labyrinth_skeletal_remains
Sewer:    sewer_co_scattered_pipes
IceCv:    ice_cave_caverns_02
WizLab:   wizlab_cigotuvi

Skill      XL: |  1  2  3  4  5  6  7  8  9 10 11 12 13 14 15 16 17 18 19 20 |
---------------+-------------------------------------------------------------+-----
Armour         | 2 3 6 9 13 14 15 16 17 18 | 18.4
Dodging        | 2 4 5 7 8 9 10 11 | 11.1
Axes           | 3 4 5 6 7 9 11 13 14 17 18 19 20 21 22 23 | 23.2
Fighting       | 5 7 9 10 11 | 11.0

Action                   |  1- 3 |  4- 6 |  7- 9 | 10-12 | 13-15 | 16-18 | 19-21 || total
-------------------------+-------+-------+-------+-------+-------+-------+-------++-------
Melee: Hand axe          |    45 |       |       |       |       |       |       ||    45
       Kick              |     9 |    45 |    52 |    91 |       |   190 |   222 ||   609
       War axe           |    28 |    87 |    53 |       |       |       |       ||   168
       Mace              |       |    37 |     5 |       |       |       |       ||    42
       Whip              |       |    50 |   154 |       |       |       |       ||   204
       Battleaxe         |       |       |    17 |   304 |   892 |   758 |     3 ||  1974
       Executioner's axe |       |       |       |    94 |   178 |   648 |   597 ||  1517
       Peck              |       |       |       |     8 |   199 |   314 |   163 ||   684
Throw: Throwing net      |       |       |       |       |       |       |     1 ||     1
Invok: Berserk           |     5 |     8 |    11 |    18 |    28 |    13 |     5 ||    88
       Trog's Hand       |       |     1 |    10 |    14 |    26 |    62 |    20 ||   133
       Brothers in Arms  |       |       |       |       |       |     6 |     5 ||    11
       Burn Spellbooks   |       |       |       |       |       |     1 |     1 ||     2
Evoke: Wand              |       |       |     3 |    17 |       |     7 |       ||    27
       Box of beasts     |       |       |       |       |       |       |     2 ||     2
  Use: Scroll            |     1 |       |    11 |     9 |    35 |    14 |     8 ||    78
       Potion            |       |       |     3 |     3 |     1 |     8 |     2 ||    17
 Stab: Paralysed         |       |       |     2 |    10 |       |       |       ||    12
       Distracted        |       |       |     1 |     1 |     7 |    12 |     8 ||    29
       Confused          |       |       |       |       |       |     5 |       ||     5
       Sleeping          |       |       |       |       |       |     1 |       ||     1
  Eat: Chunk             |     3 |     7 |    19 |    42 |    32 |    23 |     6 ||   132
       Royal jelly       |       |     1 |       |     1 |     8 |     6 |     1 ||    17
       Fruit             |       |     4 |     1 |     4 |     5 |     8 |     3 ||    25
       Meat ration       |       |       |       |     1 |     2 |       |       ||     3
       Bread ration      |       |       |       |       |       |     6 |     3 ||     9
Armor: Animal skin       |     3 |       |       |       |       |       |       ||     3
       Plate armour      |    53 |    91 |       |       |   470 |   512 |   223 ||  1349
       Scale mail        |       |    10 |   137 |    70 |       |       |    68 ||   285
       Chain mail        |       |       |       |   162 |    76 |       |       ||   238
       Skin              |       |       |       |    29 |       |       |       ||    29
       Steam dragon scal |       |       |       |       |       |   424 |       ||   424
Dodge: Dodged            |    33 |    45 |   143 |   197 |   233 |  1166 |   269 ||  2086
Block: Buckler           |       |       |     1 |       |       |       |       ||     1

Table legend:
 A = Spawn XP
 B = Non-spawn XP
 C = Spawn XP percentage of total XP
 D = Spawn monster count
 E = Non-spawn monster count
 F = Spawn count percentage of total count
 G = Total turns spent on level
                    A         B        C        D         E        F      G
               +---------+---------+-------+---------+---------+-------+---------
         Total |       0 |  527969 |   0.0 |       0 |    1401 |   0.0 | 23023
               +---------+---------+-------+---------+---------+-------+---------
           D:1 |       0 |      27 |   0.0 |       0 |      18 |   0.0 |   262
           D:2 |       0 |      39 |   0.0 |       0 |      11 |   0.0 |   286
           D:3 |       0 |      63 |   0.0 |       0 |      11 |   0.0 |   308
           D:4 |       0 |     241 |   0.0 |       0 |      18 |   0.0 |   470
           D:5 |       0 |     785 |   0.0 |       0 |      20 |   0.0 |   505
           D:6 |       0 |    1474 |   0.0 |       0 |      14 |   0.0 |   340
           D:7 |       0 |    1874 |   0.0 |       0 |      36 |   0.0 |   561
           D:8 |       0 |     367 |   0.0 |       0 |       8 |   0.0 |   421
           D:9 |       0 |    5381 |   0.0 |       0 |      46 |   0.0 |   895
          D:10 |       0 |    1869 |   0.0 |       0 |      14 |   0.0 |   454
          D:11 |       0 |    3334 |   0.0 |       0 |      25 |   0.0 |   392
          D:12 |       0 |    7163 |   0.0 |       0 |      17 |   0.0 |   449
          D:13 |       0 |   15096 |   0.0 |       0 |      57 |   0.0 |   772
          D:14 |       0 |   17113 |   0.0 |       0 |      51 |   0.0 |   849
          D:15 |       0 |    4933 |   0.0 |       0 |      24 |   0.0 |   402
        Lair:1 |       0 |    2134 |   0.0 |       0 |       7 |   0.0 |   281
        Lair:2 |       0 |    2614 |   0.0 |       0 |       9 |   0.0 |   484
        Lair:3 |       0 |    7570 |   0.0 |       0 |      18 |   0.0 |   552
        Lair:4 |       0 |    3473 |   0.0 |       0 |      13 |   0.0 |   235
        Lair:5 |       0 |   13576 |   0.0 |       0 |      30 |   0.0 |   345
        Lair:6 |       0 |   31586 |   0.0 |       0 |      76 |   0.0 |   784
      Shoals:1 |       0 |   11913 |   0.0 |       0 |      25 |   0.0 |   442
      Shoals:2 |       0 |   15748 |   0.0 |       0 |      28 |   0.0 |   403
      Shoals:3 |       0 |   16777 |   0.0 |       0 |      28 |   0.0 |   559
      Shoals:4 |       0 |   52276 |   0.0 |       0 |      73 |   0.0 |  1453
      Spider:1 |       0 |   13455 |   0.0 |       0 |      37 |   0.0 |   440
      Spider:2 |       0 |    5597 |   0.0 |       0 |      19 |   0.0 |   361
      Spider:3 |       0 |   19726 |   0.0 |       0 |      51 |   0.0 |   532
      Spider:4 |       0 |   48255 |   0.0 |       0 |     119 |   0.0 |  1234
         Orc:1 |       0 |    8360 |   0.0 |       0 |      68 |   0.0 |   663
         Orc:2 |       0 |    8384 |   0.0 |       0 |      94 |   0.0 |   879
         Elf:1 |       0 |    5284 |   0.0 |       0 |      10 |   0.0 |   388
         Elf:2 |       0 |    7203 |   0.0 |       0 |      12 |   0.0 |   444
         Elf:3 |       0 |   71105 |   0.0 |       0 |      73 |   0.0 |  1908
      Vaults:1 |       0 |   39834 |   0.0 |       0 |      64 |   0.0 |   714
      Vaults:3 |       0 |   37215 |   0.0 |       0 |      46 |   0.0 |   466
      Vaults:4 |       0 |   32474 |   0.0 |       0 |      47 |   0.0 |   368
           Lab |       0 |    1108 |   0.0 |       0 |       1 |   0.0 |   643
         Sewer |       0 |      76 |   0.0 |       0 |      20 |   0.0 |   395
         IceCv |       0 |    9720 |   0.0 |       0 |      57 |   0.0 |   507
        WizLab |       0 |    2747 |   0.0 |       0 |       6 |   0.0 |    51
               +---------+---------+-------+---------+---------+-------+---------
